 Dungeon Crawl Stone Soup version 0.19.0-22-gd96e5fe (webtiles) character file.

71 Gargoyl the Skirmisher (level 4, -3/36 HPs)
             Began as a Demonspawn Abyssal Knight on Nov 19, 2016.
             Was a Follower of Lugonu.
             Slain by Sigmund
             ... wielding a +3 scythe of protection
              (5 damage)
             ... on level 2 of the Dungeon.
             The game lasted 00:03:31 (1507 turns).

Gargoyl the Skirmisher (Demonspawn Abyssal Knight)  Turns: 1507, Time: 00:03:32

Health: -3/36      AC:  8    Str: 13    XL:     4   Next: 5%
Magic:  6/6        EV:  6    Int: 14    God:    Lugonu [*.....]
Gold:   85         SH:  0    Dex: 14    Spells: 0 memorised, 3 levels left

rFire  . . .     SeeInvis .     a - +1 hand axe
rCold  . . .     Gourm    .     e - +0 chain mail
rNeg   . . .     Faith    .     (no shield)
rPois  .         Spirit   .     (no helmet)
rElec  .         Reflect  .     (no cloak)
rCorr  .         Harm     .     (no gloves)
MR     .....                    (no boots)
Stlth  ..........               (no amulet)
                                (no ring)
                                (no ring)

@: no status effects
A: thin skeletal structure 1, powered by pain 1
a: Depart the Abyss, Renounce Religion


You were on level 2 of the Dungeon.
You worshipped Lugonu.
Lugonu was aware of your devotion.
You were not hungry.

You visited 1 branch of the dungeon, and saw 2 of its levels.
You visited the Abyss 1 time.

You collected 85 gold pieces.

Inventory:

Hand Weapons
 a - a +1 hand axe (weapon)
Armour
 b - a +0 leather armour
 e - a +0 chain mail (worn)
Wands
 d - a wand of paralysis (7/24)
Scrolls
 j - a scroll of identify {unknown}
 k - a scroll of blinking {unknown}
Potions
 h - a potion of invisibility
Comestibles
 c - 2 bread rations
 f - a royal jelly


   Skills:
 + Level 3.6 Fighting
 + Level 2.7 Axes
 * Level 2.4 Armour
 + Level 0.8 Dodging
 * Level 3.0 Invocations


You had 3 spell levels left.
You didn't know any spells.

Dungeon Overview and Level Annotations

Branches:
Dungeon (2/15)

Altars:
Dithmenos
Hepliaklqana
Uskayaw

Annotations:
D:2 Sigmund


Innate Abilities, Weirdness & Mutations

You have a somewhat thin skeletal structure. (Dex +2, Stealth)
You sometimes gain a little power by taking damage.


Message History

The hobgoblin barely misses you. Something hits you!
You hit the hobgoblin.
You kill the hobgoblin!
Lugonu accepts your kill. Something hits you.
Okay, then.
Okay, then.
Something hits you.
* * * LOW HITPOINT WARNING * * *
Things that are here:
a club; a hobgoblin corpse It was a potion of curing.
You feel better.
It was a potion of cure mutation.
It has a very clean taste.
Something hits you.
* * * LOW HITPOINT WARNING * * *
You hit something but do no damage. Something hits you!
* * * LOW HITPOINT WARNING * * *
You hit something but do no damage. You hit something. Something hits you.
You die...

#############
#§§.§.......#########
..§§.§.)@...........#
.§.§................#
....................#
....................#
....................#
###########.........#
####.....## #.....#
#.....#


There were no monsters in sight!

Vanquished Creatures
  Ijyb (D:2)
  2 worms (D:2)
  4 leopard geckos
  3 bats (D:1)
  A giant cockroach (D:1)
  3 goblins
  6 hobgoblins
  3 jackals (D:1)
  3 kobolds
  A frilled lizard (D:1)
  3 rats (D:1)
30 creatures vanquished.

Notes
Turn   | Place    | Note
-------+----------+-------------------------------------------
     0 | Abyss:1  | Gargoyl the Demonspawn Abyssal Knight began the quest for the Orb.
     0 | Abyss:1  | Reached XP level 1. HP: 18/18 MP: 2/2
    31 | Abyss:2  | Found a corrupted altar of Lugonu.
    41 | Abyss:2  | Noticed a thrashing horror
    43 | Abyss:2  | Noticed a thrashing horror
    45 | D:1      | Escaped the Abyss
   232 | D:1      | Gained mutation: You have a somewhat thin skeletal structure. (Dex +2, Stealth) [demonic ancestry]
   232 | D:1      | Reached XP level 2. HP: 17/24 MP: 3/3
   271 | D:1      | Reached * piety under Lugonu
   841 | D:1      | Gained mutation: You sometimes gain a little power by taking damage. [demonic ancestry]
   841 | D:1      | Reached XP level 3. HP: 27/29 MP: 5/5
  1078 | D:2      | Noticed Ijyb
  1091 | D:2      | Killed Ijyb
  1426 | D:2      | Reached XP level 4. HP: 33/36 MP: 6/6
  1440 | D:2      | Found a hide-covered altar of Uskayaw.
  1440 | D:2      | Found a hazy altar of Hepliaklqana.
  1487 | D:2      | Found a shadowy altar of Dithmenos.
  1489 | D:2      | Noticed Sigmund
  1505 | D:2      | HP: 1/36 [something (7)]
  1507 | D:2      | Slain by Sigmund

Skill      XL: |  1  2  3  4 |
---------------+-------------+-----
Axes           | 2 |  2.7
Armour         | 2 |  2.4
Invocations    | 3 |  3.0
Fighting       | |  3.6
Dodging        | |  0.8

Action                   |  1- 3 |  4- 6 || total
-------------------------+-------+-------++-------
Melee: Hand axe          |   134 |    12 ||   146
Invok: Depart the Abyss  |     1 |       ||     1
  Use: Potion            |       |     2 ||     2
  Eat: Chunk             |     2 |       ||     2
Armor: Chain mail        |   113 |     6 ||   119
Dodge: Dodged            |    34 |     4 ||    38
